 Dungeon Crawl Stone Soup version 0.31-a0-960-g0fca184906 (webtiles) character file.

Game seed: 16029667486855567174

16 subawu the Firebug (level 2, -1/20 HPs)
             Began as a Draconian Fire Elementalist on Oct 23, 2023.
             Slain by a quokka (2 damage)
             ... on level 1 of the Dungeon.
             The game lasted 00:01:25 (464 turns).

subawu the Firebug (Draconian Fire Elementalist)     Turns: 464, Time: 00:01:25

Health: -1/20      AC:  4    Str: 10    XL:     2   Next: 41%
Magic:  3/5        EV: 12    Int: 15    God:
Gold:   68         SH:  0    Dex: 11    Spells: 4/5 levels left

rFire   . . .        (no weapon)
rCold   . . .        (no shield)
rNeg    . . .        (body armour unavailable)
rPois   .            (helmet restricted)
rElec   .            (no cloak)
rCorr   .            (no gloves)
SInv    .            (no boots)
Will    .....        (no amulet)
Stlth   ++           (no ring)
HPRegen 0.23/turn    (no ring)
MPRegen 0.09/turn

%: no passive effects
@: no status effects
A: AC +4, unfitting armour, cold-blooded
a: no special abilities


You were on level 1 of the Dungeon.
You visited 1 branch of the dungeon, and saw 1 of its levels.

You collected 68 gold pieces.

Inventory:

Jewellery
 b - a ring of poison resistance
Scrolls
 c - 2 scrolls of identify {unknown}
 g - a scroll of fog {unknown}
 i - a scroll of amnesia {unknown}
Potions
 a - a potion of magic
 d - 2 potions of heal wounds {unknown}
 e - a potion of resistance {unknown}
 f - a potion of mutation {unknown}
 h - a potion of enlightenment {unknown}


   Skills:
 + Level 2.0 Dodging
 + Level 2.1 Stealth
 + Level 2.0 Spellcasting
 + Level 1.1 Conjurations
 + Level 3.4 Fire Magic


You had 4 spell levels left.
You knew the following spells:

 Your Spells              Type           Power      Damage    Failure   Level
a - Foxfire               Conj/Fire      32%        2x1d5     9%          1

Your spell library contained the following spells:

 Spells                   Type           Power      Damage    Failure   Level
 Scorch                   Fire           22%        2d5       9%          2
 Inner Flame              Hex/Fire       6%         N/A       32%         3
 Volatile Blastmotes      Fire/Tloc      12%        2d11      32%         3
 Flame Wave               Conj/Fire      8%         2d5       65%         4


Dungeon Overview and Level Annotations

Branches:
Dungeon (1/15)

Altars:


Innate Abilities, Weirdness & Mutations

Your plain brown scales are hard. (AC +4)
You cannot fit into any form of body armour.
You are cold-blooded and may be slowed by cold attacks.


Message History

The foxfire hits the quokka.
The quokka is severely wounded.
The foxfire hits the quokka.
You kill the quokka!
The quokka bites you but does no damage.
The bat hits you but does no damage. The frilled lizard misses you.
Your Dodging skill increases to level 2!
The bat closely misses you.
The frilled lizard bites you but does no damage.
You see here a quokka corpse.
You closely miss the frilled lizard.
Your tail-slap misses the frilled lizard.
The bat barely misses you. The bat closely misses you.
The frilled lizard misses you. The quokka misses you.
You closely miss the frilled lizard. The bat hits you but does no damage.
The frilled lizard misses you. The quokka misses you.
You barely miss the frilled lizard. The bat barely misses you.
The quokka completely misses you.
The frilled lizard completely misses you.
You hit the frilled lizard.
You kill the frilled lizard!
The bat hits you but does no damage. The quokka bites you.
* * * LOW HITPOINT WARNING * * *
An endoplasm comes into view.
The bat closely misses you. The quokka misses you.
The quokka bites you but does no damage.
You see here a frilled lizard corpse.
Casting: Foxfire (safe; 9% risk of failure)
Confirm with . or Enter, or press ? or * to list all spells.
You conjure some foxfire!
The endoplasm quivers.
The bat barely misses you. The bat hits you but does no damage.
The bat barely misses you. The quokka bites you.
* * * LOW HITPOINT WARNING * * *
The foxfire hits the bat.
The bat is severely wounded.
The foxfire hits the bat.
You kill the bat!
The quokka bites you.
You die...

##...... ....##
#$.....# #.##
#..(J..#####..#
#.............###
#......# ###....#######
#...!..###...##........
#......##..#†##########
#....†#...#...#
##..8@r.8...8..#
#....#...#....#
#...###.###..... ##..
...# ..##.. #.8
..8...8......
#...#.r.#..... .. ##.
##.###... .. .. ..# 8.
.#


You could see an endoplasm and a quokka.

Vanquished Creatures
  An endoplasm (D:1)
  A giant cockroach (D:1)
  A goblin (D:1)
  2 hobgoblins (D:1)
  A kobold (D:1)
  A quokka (D:1)
  3 ball pythons (D:1)
  4 bats (D:1)
  A frilled lizard (D:1)
  A rat (D:1)
16 creatures vanquished.

Vanquished Creatures (others)
  21 foxfires (D:1)
21 creatures vanquished.

Grand Total: 37 creatures vanquished

Notes
Turn   | Place    | Note
-------+----------+-------------------------------------------
     0 | D:1      | subawu the Draconian Fire Elementalist began the quest for
                  | the Orb.
     0 | D:1      | Reached XP level 1. HP: 14/14 MP: 3/3
   278 | D:1      | Reached XP level 2. HP: 20/20 MP: 3/5
   463 | D:1      | HP: 1/20 [quokka (3)]
   464 | D:1      | Slain by a quokka

Illustrated notes

Levels and vault maps discovered:
D:1:      spicycebolla_green_bress_n_ham_2, layout_rooms,
          hellmonk_ecumenical_altar_leap_of_faith, minmay_misc_feat_four_crosses

Skill      XL: |  1  2 |
---------------+-------+-----
Stealth        | 2 |  2.1
Dodging        | 2 |  2.0
Spellcasting   | |  2.0
Conjurations   | |  1.1
Fire Magic     | |  3.4

Action                     || total
---------------------------++-------
  Melee: Unarmed           ||    29
         Tailslap          ||     4
   Cast: Foxfire           ||    13
 Armour: Skin              ||    44
  Dodge: Dodged            ||    53

Table legend: (Time is in decaauts)
 A = Elapsed time spent in this place.
 B = Non-inter-level travel time spent in this place.
 C = Inter-level travel time spent in this place.
 D = Time resting spent in this place.
 E = Time spent auto-exploring this place.
 F = Levels seen in this place.
 G = Mean time per level.
                   A        B        C        D        E       F      G
               +--------+--------+--------+--------+--------+-----+--------+
         Total |    464 |    464 |      0 |     11 |    245 |   1 |  464.0 |
       Dungeon |    464 |    464 |      0 |     11 |    245 |   1 |  464.0 |
               +--------+--------+--------+--------+--------+-----+--------+

Top non-repeatable levels by time:
     D:1: 464 daAuts
